 Dungeon Crawl Stone Soup version 0.31-a0-986-g5e6e4ef867 (webtiles) character file.

Game seed: 13864503258659534713

12065 octoduck the Grappler (level 11, -18/80 HPs)
             Began as an Octopode Shapeshifter on Nov 19, 2023.
             Was an Elder of Okawaru.
             Demolished by a komodo dragon (27 damage)
             ... on level 1 of the Lair of Beasts.
             The game lasted 01:25:53 (19174 turns).

octoduck the Grappler (Octopode Shapeshifter)      Turns: 19174, Time: 01:25:54

Health: -18/80     AC:  1    Str: 15    XL:     11   Next: 87%
Magic:  16/16      EV: 16    Int: 13    God:    Okawaru [****..]
Gold:   693        SH:  4    Dex: 14    Spells: 10/10 levels left

rFire   . .          .
                       - Unarmed
rCold   + . .        o - +0 buckler
rNeg    . . .        (helmet currently unavailable)
rPois   +            (no amulet)
rElec   +            a - ring "Byink" {Contam rElec rPois Will+ Stlth+}
rCorr   .            B - ring of protection from cold
SInv    .            (no ring)
Will    +....        (no ring)
Stlth   ++++         (no ring)
HPRegen 0.33/turn    (no ring)
MPRegen 0.15/turn    (no ring)
                     (no ring)

%: no passive effects
@: beast-form
A: beast (slay +3), almost no armour, amphibious, 8 rings, camouflage 1,
gelatinous body 1, (nimble swimmer 1), tentacles
a: Begin Untransformation, Renounce Religion, Heroism, Finesse


You were on level 1 of the Lair of Beasts.
You worshipped Okawaru.
Okawaru was greatly pleased with you.
You were a hulking beast.
You visited 3 branches of the dungeon, and saw 14 of its levels.
You also visited: Bailey.

You collected 730 gold pieces.
You spent 37 gold pieces at shops.

Inventory:

Missiles
 d - 11 javelins
 e - a curare-tipped dart
 s - 23 poisoned darts
 G - 4 darts of dispersal
Armour
 o - a +0 buckler (worn)
 x - a +0 hat
Jewellery
 a - the ring "Byink" (left tentacle) {Contam rElec rPois Will+ Stlth+}
   (You acquired it in a bailey)

   [ring of willpower]

   rElec:     It insulates you from electricity.
   rPois:     It protects you from poison Will+: It increases your willpower.
   Contam:    It causes magical contamination when unequipped.
   Stlth+:    It makes you more stealthy.
 B - a ring of protection from cold (right tentacle)
Talismans
 b - a beast talisman (active)
 c - a flux talisman
 f - a blade talisman
Wands
 i - a wand of flame (28)
 p - a wand of polymorph (11)
 t - a wand of acid (6)
Scrolls
 h - 4 scrolls of enchant weapon
 l - 2 scrolls of amnesia
 m - 4 scrolls of teleportation
 y - 5 scrolls of fog
 z - a scroll of poison
 A - 3 scrolls of fear
 C - 2 scrolls of enchant armour
 D - 2 scrolls of summoning
 F - a scroll of revelation
Potions
 g - a potion of brilliance
 j - 2 potions of degeneration
 k - 3 potions of magic
 n - a potion of attraction
 r - 4 potions of haste
 u - 2 potions of mutation
 v - 2 potions of enlightenment
 w - a potion of heal wounds
 H - 2 potions of ambrosia
Miscellaneous
 q - a lightning rod (4/4)


   Skills:
 * Level 9.4 Fighting
 * Level 8.7 Dodging
 - Level 3.1 Stealth
 - Level 10.8 Unarmed Combat
 - Level 6.8 Invocations
 + Level 6.4 Shapeshifting


You had 10 spell levels left.
You didn't know any spells.
Your spell library contained the following spells:

 Spells                   Type           Power      Damage    Failure   Level
 Necrotise                Necr           0%         1d4       38%         1
 Ignite Poison            Fire/Tmut/Pois 0%         N/A       77%         3
 Vampiric Draining        Necr           0%         2d6       77%         3
 Sticky Flame             Conj/Fire      0%         2d3       99%         4
 Agony                    Necr           0%         N/A       100%        5
 Ozocubu's Refrigeration  Ice            0%         4d7       100%        7
 Ignition                 Fire           0%         3d3       100%        8
 Polar Vortex             Ice            0%         N/A       100%        9
 Simulacrum               Ice/Necr       Unusable   N/A       N/A         6

Dungeon Overview and Level Annotations

Branches:
Dungeon (11/15)            Temple (1/1) D:5            Lair (2/5) D:11
    Orc (0/2) D:9          Bailey (visited)
  Swamp: Lair:2-3    Shoals: Lair:2-3     Snake: Lair:2-3    Spider: Lair:2-3

Altars:
Ashenzari
Cheibriados
Dithmenos
Elyvilon
Fedhas
Gozag
Hepliaklqana
Kikubaaqudgha
Makhleb
Nemelex Xobeh
Okawaru
Qazlal
Ru
Sif Muna
Trog
Uskayaw
Vehumet
Wu Jian
Xom
Yredelemnul
Zin
The Shining One

Shops:
D:5 **[:[*

Annotations:
D:8 Pooter's ghost, novice MiBe
D:10 exclusion: gargoyle, Urug
D:11 exclusion: cyclops


Innate Abilities, Weirdness & Mutations

You are a hulking beast.
Your limbs bulge with bestial killing power. (Slay +3)
You cannot wear most types of armour.
You are amphibious.
You can wear up to eight rings at the same time.
Your skin changes colour to match your surroundings (Stealth+).
Your rubbery body absorbs attacks. (AC +1, EV +1)
((You are camouflaged when in or above water. (Stealth+)))
You have tentacles for arms and can constrict up to eight enemies at once.


Message History

The rime drake is almost dead.
A komodo dragon comes into view.
The rime drake closely misses you.
You closely miss the rime drake.
The rime drake is almost dead.
The rime drake misses you.
You bludgeon the rime drake!
You kill the rime drake!
Okawaru accepts your kill.
You tentacle-slap the komodo dragon. You squeeze the komodo dragon!
The komodo dragon is moderately wounded.
The komodo dragon barely misses you.
A skyshark comes into view.
You bludgeon the komodo dragon!
The komodo dragon is severely wounded.
You hear a bellow! x3; You hear a loud, deep croak! 3 yaks come into view.
A yak comes into view.
A bullfrog comes into view.
The komodo dragon bites you!!
The yak moves out of view.
You hear a bellow!
There is a stone staircase leading up here.
You climb upwards.
There is a stone staircase leading down here.
You barely miss the komodo dragon. You squeeze the komodo dragon!
The komodo dragon is almost dead.
The komodo dragon bites you!!
You completely miss the komodo dragon.
The komodo dragon is almost dead.
The komodo dragon bites you.
You closely miss the komodo dragon.
The komodo dragon is almost dead.
The komodo dragon bites you!!
* * * LOW HITPOINT WARNING * * *
You tentacle-slap the komodo dragon but do no damage.
The komodo dragon is almost dead.
You block the komodo dragon's attack.
You completely miss the komodo dragon.
You squeeze the komodo dragon, but do no damage.
The komodo dragon is almost dead.
The komodo dragon bites you!!
You die...

.................................
.................................
.................................
.................................
............######.#.##...##.#.##
..#..##.+#.######..#.##..##..####
.).......#...........##.##.......
............#........##.#........
.........#.#รท...h....##.#........
.........#.##....l...#...#.......
...........##........##..#.>.....
.........#..#..########.###.#####
#########..#..#..######.#########
.................................
.................................
.................................
###.#.#..........................


You could see a komodo dragon.

Vanquished Creatures
  An orc warlord (Bailey)
  A hydra (D:8)
  A black mamba (Lair:1)
  3 cane toads (Lair:1)
  A gargoyle (D:10)
  2 rime drakes
  A polar bear (Lair:1)
  2 dream sheep (D:8)
  Grinder (D:3)
  A shadow (D:10)
  5 wyverns
  2 wraiths (D:9)
  4 yaks
  2 vampires
  4 vampire mosquitoes
  2 water moccasins
  3 black bears
  7 orc warriors
  3 sky beasts
  5 ice beasts
  An ogre (D:5)
  6 wolves (Lair:1)
  A boggart (D:7)
  3 centaurs
  5 kobold brigands
  A phantom (D:4)
  10 bullfrogs
  A gnoll sergeant (D:7)
  3 wights (D:8)
  10 killer bees
  2 orc priests
  2 jellies
  4 hounds
  A gnoll bouda (D:6)
  Natasha (thrice) (D:3)
  3 iguanas
  7 orc wizards
  14 gnolls
  8 adders
  2 ufetubi (D:6)
  3 worms
  4 dart slugs
  25 orcs
  4 ball pythons
  4 endoplasms
  6 giant cockroaches
  6 hobgoblins
  11 jackals
  25 kobolds
  3 quokkas
  6 bats
  A frilled lizard (D:1)
  9 goblins
  12 rats
257 creatures vanquished.

Notes
Turn   | Place    | Note
-------+----------+-------------------------------------------
     0 | D:1      | octoduck the Octopode Shapeshifter began the quest for the
                  | Orb.
     0 | D:1      | Reached XP level 1. HP: 13/13 MP: 1/1
   228 | D:1      | Reached skill level 1 in Stealth
   526 | D:1      | Reached XP level 2. HP: 15/18 MP: 2/2
  1088 | D:1      | Reached XP level 3. HP: 23/23 MP: 3/3
  1960 | D:2      | Reached skill level 4 in Unarmed Combat
  1960 | D:2      | Reached XP level 4. HP: 23/28 MP: 4/4
  2682 | D:3      | Reached XP level 5. HP: 33/33 MP: 5/5
  2783 | D:3      | Found a sacrificial altar of Ru.
  2820 | D:3      | Found an iron altar of Okawaru.
  2826 | D:3      | Became a worshipper of Warmaster Okawaru
  2958 | D:3      | Noticed Grinder
  3061 | D:3      | Noticed Natasha
  3071 | D:3      | Killed Natasha
  3304 | D:3      | Noticed Natasha
  3309 | D:3      | Killed Natasha
  3333 | D:3      | Noticed Natasha
  3337 | D:3      | Killed Natasha
  3669 | D:4      | Reached skill level 5 in Unarmed Combat
  3839 | D:4      | Reached XP level 6. HP: 38/38 MP: 6/6
  3900 | D:4      | Found a broken altar of Ashenzari.
  4278 | D:5      | Entered Level 5 of the Dungeon
  4822 | D:5      | Reached XP level 7. HP: 45/45 MP: 7/7
  4848 | D:5      | Found Xufe's General Store.
  4848 | D:5      | Found Acoeck's Book Boutique.
  4850 | D:5      | Found Tuedouga's Armour Shop.
  4850 | D:5      | Found Cur Yse's General Store.
  4852 | D:5      | Found Vian's General Store.
  4852 | D:5      | Found Qiurog's Armour Shoppe.
  4875 | D:5      | Bought 2 poisoned darts for 15 gold pieces
  5041 | D:5      | Found a staircase to the Ecumenical Temple.
  5055 | Temple   | Entered the Ecumenical Temple
  5180 | D:5      | Found a glowing golden altar of the Shining One.
  5324 | D:5      | Reached * piety under Okawaru
  5675 | D:6      | Reached skill level 5 in Dodging
  5675 | D:6      | Reached skill level 6 in Unarmed Combat
  6272 | D:6      | Reached XP level 8. HP: 54/54 MP: 8/8
  8363 | D:7      | Reached skill level 7 in Unarmed Combat
  8454 | D:7      | Noticed Maggie
  8495 | D:7      | Reached skill level 5 in Fighting
  8519 | D:7      | Maggie changed into Maggie the boggart
  8519 | D:7      | Noticed Maggie
  8523 | D:7      | Killed Maggie the boggart
  8523 | D:7      | Reached ** piety under Okawaru
  8681 | D:7      | Reached skill level 1 in Invocations
  8834 | D:7      | Reached XP level 9. HP: 45/61 MP: 10/10
  8957 | D:7      | Found a shimmering altar of Xom.
  9743 | D:8      | Found a runed translucent door.
  9743 | D:8      | Noticed Pooter's ghost (novice MiBe)
  9765 | D:8      | Found a blossoming altar of Fedhas.
 10297 | D:7      | Reached *** piety under Okawaru
 10529 | D:7      | Reached skill level 5 in Invocations
 10733 | D:8      | Reached skill level 8 in Unarmed Combat
 10783 | D:8      | Noticed a three-headed hydra
 10965 | D:9      | Reached XP level 10. HP: 66/69 MP: 13/13
 11291 | D:9      | HP: 3/69 [wraith (7)]
 11456 | D:9      | Reached **** piety under Okawaru
 11555 | D:9      | Reached skill level 9 in Unarmed Combat
 11706 | D:9      | Found a flagged portal.
 11715 | Bailey   | Entered a bailey
 11892 | Bailey   | Noticed an orc warlord
 12238 | Bailey   | Found a runed translucent gate.
 12256 | Bailey   | Found a runed translucent gate.
 12257 | Bailey   | Found a runed translucent gate.
 12728 | Bailey   | Killed an orc warlord
 12817 | Bailey   | Acquired the ring "Byink" {Contam rElec rPois Will+ Stlth+}
 12881 | D:9      | Found a staircase to the Orcish Mines.
 13236 | D:10     | Entered Level 10 of the Dungeon
 13455 | D:3      | Killed Grinder
 13596 | D:6      | Reached skill level 10 in Unarmed Combat
 14080 | D:10     | Noticed Urug
 14291 | D:10     | Found a radiant altar of Vehumet.
 14415 | D:10     | Identified the +0 ring mail of Ixzorr {rF+ Dex+4 SInv}
 14613 | D:10     | Reached ***** piety under Okawaru
 14614 | D:10     | Reached XP level 11. HP: 72/77 MP: 16/16
 14811 | D:10     | Found an opulent altar of Gozag.
 14961 | D:10     | Found a shimmering blue altar of Sif Muna.
 16080 | D:11     | Found a gate leading to a gauntlet.
 16082 | D:11     | Noticed a manticore
 16502 | D:8      | Killed a three-headed hydra
 16503 | D:8      | Reached skill level 5 in Shapeshifting
 16866 | D:5      | Bought a scroll of identify for 22 gold pieces
 17099 | D:11     | Found a shadowy altar of Dithmenos.
 17177 | D:11     | Found a staircase to the Lair.
 17736 | D:11     | Noticed a cyclops
 17748 | D:15     | Identified the "Vahoysel"
 17748 | Lair:1   | Entered Level 1 of the Lair of Beasts
 18547 | Lair:1   | Noticed a death yak
 19088 | Lair:1   | Noticed a boulder beetle
 19164 | Lair:2   | Noticed a skyshark
 19174 | Lair:1   | Demolished by a komodo dragon

Illustrated notes

Levels and vault maps discovered:
D:1:      elethiomel_arrival_diamonds, layout_loops_ring, minmay_tiny_reverse_x
D:2:      layout_basic
D:3:      layout_loops_cross, old_standard_altar, nicolae_ru_path_of_blood,
          minmay_fractal_squares_gapless_5, uniq_natasha, uniq_grinder
D:4:      layout_rooms, mainiacjoe_overflow_cross_hatched
D:5:      layout_rooms, tso_metal_star, minmay_temple_entry_mist,
          nicolae_wooded_promenade, kennysheep_generic_room_4
D:6:      layout_loops_ring, serial_co_window_serial, co_window_paths_a,
          co_window_corner_a, co_window_of_opportunity_a, co_window_paths_b,
          co_window_cross_1, co_window_unsneaky_path_b,
          co_window_of_opportunity_c, co_window_corner_ca, co_window_corner_b,
          co_window_of_opportunity_b, co_window_unsneaky_path_d,
          co_window_corner_b, co_window_4corner_a, glass_columns_a,
          glass_columns_a, glass_columns_c, glass_columns_a, glass_columns_b,
          mrwooster_statue_mirror
D:7:      layout_basic, lemuel_doored_altar, uniq_maggie
D:8:      layout_cave_pods, fedhas_bush_and_centaur_altar,
          ebering_ghost_reflecting_pool, hangedman_ranch
D:9:      layout_gridville, orc_0_dummy, enter_bailey_6
D:10:     minmay_roctagon, layout_irregular_city, old_standard_altar,
          vehumet_crystals, mainiacjoe_overflow_paths, uniq_urug
D:11:     layout_long_grid, david_lair_generic, portal_ice_cave_entry_pillars_1,
          gauntlet_entry_generic, grunt_dithmenos_smoke_and_mirrors
Temple:   nicolae_temple_ecumenical_triangle
Lair:1:   layout_regular_city, roderic_batcave
Lair:2:   layout_misc_corridors, elwin_shoals_entry_stream, basic_altar,
          grunt_megastairs_1

Skill      XL: |  1  2  3  4  5  6  7  8  9 10 11 |
---------------+----------------------------------+-----
Stealth        | 1 2 3 |  3.1
Unarmed Combat | 4 5 6 7 8 10 | 10.8
Dodging        | 3 4 5 6 7 8 |  8.7
Fighting       | 2 4 5 6 8 9 |  9.4
Invocations    | 2 5 6 |  6.8
Shapeshifting  | 6 |  6.4

Action                     |  1- 3 |  4- 6 |  7- 9 | 10-12 || total
---------------------------+-------+-------+-------+-------++-------
  Melee: Unarmed           |    75 |   108 |   187 |   303 ||   673
         Constrict         |    24 |    30 |    40 |    53 ||   147
         Tentacles         |    11 |    19 |    47 |    82 ||   159
         Punch             |     1 |     5 |    11 |    22 ||    39
  Throw: Javelin           |     1 |       |       |     1 ||     2
         Dart              |       |     2 |     3 |    14 ||    19
         Throwing net      |       |       |     1 |       ||     1
 Invoke: Heroism           |       |       |       |     4 ||     4
         Finesse           |       |       |       |     4 ||     4
  Evoke: Wand              |       |     4 |    41 |     5 ||    50
         Lightning rod     |       |       |       |     5 ||     5
    Use: Scroll            |       |    10 |    10 |    10 ||    30
         Potion            |       |     2 |     2 |     7 ||    11
   Stab: Sleeping          |     5 |     8 |    10 |     5 ||    28
         Distracted        |       |       |     1 |       ||     1
 Armour: Skin              |    35 |    44 |    97 |   165 ||   341
  Dodge: Dodged            |    44 |    55 |    85 |   194 ||   378
  Block: Buckler           |       |       |    14 |    42 ||    56
   Form: Blade             |       |       |       |     2 ||     2
         Beast             |       |       |       |     2 ||     2

Table legend: (Time is in decaauts)
 A = Elapsed time spent in this place.
 B = Non-inter-level travel time spent in this place.
 C = Inter-level travel time spent in this place.
 D = Time resting spent in this place.
 E = Time spent auto-exploring this place.
 F = Levels seen in this place.
 G = Mean time per level.
                   A        B        C        D        E       F      G
               +--------+--------+--------+--------+--------+-----+--------+
         Total |  19140 |  16371 |   2769 |   5878 |   3967 |  15 | 1276.0 |
       Dungeon |  16885 |  14229 |   2656 |   4993 |   3935 |  11 | 1535.0 |
        Temple |      1 |      1 |      0 |      0 |      0 |   1 |    1.0 |
          Lair |   1171 |   1058 |    113 |    371 |      0 |   2 |  585.5 |
        Bailey |   1082 |   1082 |      0 |    514 |     32 |   1 | 1082.0 |
               +--------+--------+--------+--------+--------+-----+--------+

Top non-repeatable levels by time:
     D:8: 2568 daAuts
     D:6: 2472 daAuts
     D:7: 1896 daAuts
     D:9: 1855 daAuts
     D:1: 1715 daAuts
    D:10: 1443 daAuts
     D:3: 1191 daAuts
     D:4: 1147 daAuts
  Lair:1: 1127 daAuts
  Bailey: 1082 daAuts
     D:5: 973 daAuts
    D:11: 848 daAuts
     D:2: 772 daAuts
  Lair:2: 43 daAuts
  Temple: 1 daAuts
